 Dungeon Crawl Stone Soup version 0.25.1-2-g60ff931df9 (webtiles) character file.

Game seed: 3929032605279802593

810 H0rd4k the Insei (level 7, 0/43 HPs)
             Began as an Octopode Transmuter on Aug 24, 2020.
             Was an Initiate of Gozag.
             Slain by a wight
             ... wielding a +0 dagger
              (5 damage)
             ... on level 6 of the Dungeon.
             The game lasted 00:08:21 (6864 turns).

H0rd4k the Insei (Octopode Transmuter)              Turns: 6864, Time: 00:08:21

Health: 0/43       AC:  1    Str:  7 (9)  XL:     7   Next: 92%
Magic:  12/12      EV: 14    Int: 18      God:    Gozag
Gold:   196        SH:  0    Dex: 10 (12) Spells: 7/13 levels left

rFire    . . .     SeeInvis .     - Unarmed
rCold    . . .     Gourm    .   (no shield)
rNeg     . . .     Faith    .   (helmet restricted)
rPois    .         Spirit   .   (no amulet)
rElec    .         Reflect  .   (no ring)
rCorr    .         Harm     .   (no ring)
MR       .....                  (no ring)
Stlth    ++++......             (no ring)
HPRegen  0.14/turn              (no ring)
MPRegen  0.13/turn              (no ring)
                                (no ring)
                                (no ring)

@: appendage (expiring)
A: almost no armour, stealthy swim, amphibious, 8 rings, constrict 8, tentacle
spike 3, camouflage 1, gelatinous body 1
a: End Transformation, Potion Petition, Call Merchant, Bribe Branch, Renounce
Religion


You were on level 6 of the Dungeon.
You worshipped Gozag.
Gozag was aware of your devotion.
You were hungry.
One of your tentacles had a temporary spike.
You visited 1 branch of the dungeon, and saw 6 of its levels.

You collected 315 gold pieces.
You paid 119 gold pieces to Gozag.

Inventory:

Missiles
 a - 51 arrows
 l - 43 poisoned darts (quivered)
 o - 6 curare-tipped darts
Jewellery
 t - a cursed amulet of inaccuracy {unknown}
Scrolls
 b - a scroll of immolation {unknown}
 d - 3 scrolls of identify {unknown}
 e - 3 scrolls of remove curse {unknown}
 f - a scroll of fear {unknown}
 h - a scroll of teleportation {unknown}
 j - 2 scrolls of magic mapping {unknown}
 k - a scroll of blinking {unknown}
 n - 3 scrolls of fog {unknown}
 p - a scroll of amnesia {unknown}
 q - a scroll of enchant armour {unknown}
 r - a scroll of enchant weapon {unknown}
Potions
 g - a potion of berserk rage {unknown}
 i - a potion of curing
 m - a potion of degeneration
 s - a potion of mutation {unknown}
Comestibles
 c - 8 rations
 u - 3 chunks of flesh


   Skills:
 + Level 1.6 Fighting
 + Level 3.2 Dodging
 + Level 4.8 Stealth
 + Level 5.9 Unarmed Combat
 * Level 3.7 Spellcasting
 * Level 4.1 Transmutations


You had 7 spell levels left.
You knew the following spells:

 Your Spells              Type           Power        Failure   Level  Hunger
a - Beastly Appendage     Tmut           ###...       2%          1    None
b - Sticks to Snakes      Tmut           ###.....     4%          2    ##.....
c - Spider Form           Tmut/Pois      ##........   19%         3    ###....

Your spell library contained the following spells:

 Spells                   Type           Power        Failure   Level  Hunger
 Ice Form                 Ice/Tmut       ##......     54%         4    ####...
 Blade Hands              Tmut           ###.......   61%         5    ######.


Dungeon Overview and Level Annotations

Branches:
Dungeon (6/15)
 Temple: D:4-7

Altars:
Gozag

Shops:
D:5 }

Annotations:
D:1 exclusion: downstairs
D:6 Maggie


Innate Abilities, Weirdness & Mutations

You cannot wear most types of armour.
You are very stealthy in the water. (Stealth+)
You are amphibious.
You can wear up to eight rings at the same time.
You can use your tentacles to constrict eight enemies at once.
Your skin changes colour to match your surroundings (Stealth+).
Your rubbery body absorbs attacks. (AC +1, EV +1)
One of your tentacles bears a large vicious spike.


Message History

You constrict the wight, but do no damage.
The wight hits you with a +0 dagger.
* * * LOW HITPOINT WARNING * * *
You barely miss the wight.
The wight is moderately damaged.
You constrict the wight, but do no damage.
The wight hits you with a +0 dagger.
* * * LOW HITPOINT WARNING * * *
You tentacle-slap the wight but do no damage.
You squeeze the wight, but do no damage.
The wight is lightly damaged.
You constrict the wight, but do no damage.
The wight hits you with a +0 dagger.
* * * LOW HITPOINT WARNING * * *
You release your grip on the wight.
Your transformation is almost over.
There is a stone staircase leading up here.
The wight hits you with a +0 dagger.
You die...
Your body crumbles into a pile of gold.

#.#
#$#
#.#
#.#
#.#
#.#
#.#
#z#
#@#
###


You could see a wight.

Vanquished Creatures
  2 ogres
  2 bullfrogs
  A scorpion (D:4)
  2 wights (D:6)
  An orc priest (D:5)
  An iguana (D:3)
  4 worker ants (D:4)
  3 gnolls (D:3)
  6 adders
  A shadow imp (D:5)
  An adder skeleton (D:5)
  2 worms (D:3)
  A dart slug (D:2)
  7 leopard geckos
  13 orcs
  8 bats
  8 giant cockroaches
  16 goblins
  7 hobgoblins
  5 jackals
  A quokka (D:6)
  7 frilled lizards
  9 kobolds
  12 rats
120 creatures vanquished.

Notes
Turn   | Place    | Note
-------+----------+-------------------------------------------
     0 | D:1      | H0rd4k the Octopode Transmuter began the quest for the Orb.
     0 | D:1      | Reached XP level 1. HP: 13/13 MP: 3/3
   205 | D:1      | Reached XP level 2. HP: 15/18 MP: 5/5
   765 | D:1      | Reached skill level 1 in Stealth
   854 | D:1      | Reached XP level 3. HP: 20/23 MP: 6/6
  1262 | D:1      | Learned a level 2 spell: Sticks to Snakes
  1266 | D:1      | Learned a level 3 spell: Spider Form
  1316 | D:2      | Noticed an ogre
  1962 | D:2      | Killed an ogre
  1962 | D:2      | Reached skill level 4 in Unarmed Combat
  1962 | D:2      | Reached XP level 4. HP: 28/28 MP: 3/7
  1962 | D:2      | Reached XP level 5. HP: 33/33 MP: 3/8
  3494 | D:3      | Reached XP level 6. HP: 36/38 MP: 8/10
  4841 | D:4      | Reached skill level 5 in Unarmed Combat
  5159 | D:4      | Reached XP level 7. HP: 8/43 MP: 8/11
  5872 | D:5      | Entered Level 5 of the Dungeon
  5935 | D:5      | Found Refuicku's Gadget Boutique.
  6462 | D:5      | Found an opulent altar of Gozag.
  6770 | D:5      | Became a worshipper of Gozag Ym Sagoz the Greedy
  6830 | D:6      | Noticed Maggie
  6864 | D:6      | Slain by a wight

Illustrated notes

Levels and vault maps discovered:
D:1:      tarquinn_simple_flora_water_e, layout_basic
D:2:      layout_loops_ring
D:3:      layout_loops_ring, minmay_misc_feat_rows
D:4:      layout_loops_cross, first_ration
D:5:      layout_loops_ring, serial_shops, shop, grunt_gozag_statues
D:6:      layout_basic, gammafunk_temple_overflow_forgotten,
          minmay_temple_entry_tees, serial_shops, nicolae_shop_stone, shop,
          shop, kennysheep_generic_room_15, uniq_grinder, uniq_maggie

Skill      XL: |  1  2  3  4  5  6  7 |
---------------+----------------------+-----
Stealth        | 1 3 4 |  4.8
Unarmed Combat | 4 5 |  5.9
Transmutations | 3 4 |  4.1
Spellcasting   | 3 |  3.7
Dodging        | 3 |  3.2
Fighting       | |  1.6

Action                   |  1- 3 |  4- 6 |  7- 9 || total
-------------------------+-------+-------+-------++-------
Melee: Unarmed           |    93 |   165 |    88 ||   346
       Constrict         |    27 |    35 |    18 ||    80
       Tentacles         |    15 |    24 |    21 ||    60
       Punch             |     1 |     6 |     2 ||     9
       Kick              |       |    16 |    14 ||    30
 Cast: Spider Form       |     1 |     2 |       ||     3
       Beastly Appendage |       |     9 |     7 ||    16
  Use: Potion            |       |     6 |       ||     6
 Stab: Sleeping          |    12 |    10 |     5 ||    27
  Eat: Chunk             |     3 |     9 |     3 ||    15
       Ration            |       |       |     1 ||     1
Armor: Skin              |     5 |    13 |     2 ||    20
Dodge: Dodged            |    56 |   100 |    49 ||   205
